 Dungeon Crawl Stone Soup version 0.16-a0-4056-gee4db93 (webtiles) character file.

108 vatarom the Cudgeler (level 4, -1/35 HPs)
             Began as a Mummy Chaos Knight on Feb 20, 2015.
             Slain by a gnoll
             ... wielding a +0 spear
              (8 damage)
             ... on level 3 of the Dungeon.
             The game lasted 00:03:00 (1848 turns).

vatarom the Cudgeler (Mummy Chaos Knight)           Turns: 1848, Time: 00:03:01

Health: -1/35      AC:  5    Str: 15    XL:     4   Next: 58%
Magic:  4/4        EV: 11    Int: 11    God:    Xom [..*...]
Gold:   107        SH:  0    Dex: 12    Spells: 0 memorised, 3 levels left

rFire  x . .     SeeInvis .     a - +0 mace (chaos)
rCold  + . .     Clarity  .     b - +2 leather armour
rNeg   + + +     SustAb   .     (no shield)
rPois  ∞         Gourm    .     (no helmet)
rElec  .         Spirit   .     (no cloak)
rCorr  .         Warding  .     (no gloves)
rMut   .         Stasis   .     (no boots)
MR     .....                    (no amulet)
Stlth  +.........               (no ring)
                                (no ring)

@: not resistant to hostile enchantments, very unstealthy
A: no food or potions, fire vulnerability, restore body, cold resistance 1,
negative energy resistance 3, poison resistance, torment resistance, unbreathing
a: Renounce Religion


You were on level 3 of the Dungeon.
You worshipped Xom.
You were a toy of Xom.
You were not hungry.

You visited 1 branch of the dungeon, and saw 3 of its levels.

You collected 107 gold pieces.

Inventory:

Hand weapons
 a - a +0 mace of chaos (weapon)
Armour
 b - a +2 leather armour (worn)
Scrolls
 c - a scroll of fear {unknown}
 d - a scroll of remove curse {unknown}
 e - 3 scrolls of identify


   Skills:
 - Level 3.0 Fighting
 + Level 4.4 Maces & Flails
 - Level 1.5 Armour
 - Level 0.7 Dodging


You had 3 spell levels left.
You didn't know any spells.

Dungeon Overview and Level Annotations

Branches:
Dungeon (3/15)

Altars:
Cheibriados
Zin


Innate Abilities, Weirdness & Mutations

You do not eat or drink.
Your flesh is vulnerable to fire.
Your flesh is cold resistant.
You are immune to negative energy.
Your system is resistant to poisons.
You are immune to unholy pain and torment.
You can survive without breathing.


Message History

Unknown command.
You are too injured to fight recklessly!
You are too injured to fight recklessly!
You completely miss the gnoll. The gnoll hits you but does no damage.
You hit the gnoll.
The gnoll is poisoned.
The gnoll is lightly wounded.
The gnoll completely misses you. The gnoll hits you with a spear!
You hit the gnoll but do no damage.
The gnoll is moderately wounded.
The gnoll hits you with a spear.
* * * LOW HITPOINT WARNING * * *
You hit the gnoll but do no damage.
The gnoll is heavily wounded.
The gnoll hits you with a spear.
* * * LOW HITPOINT WARNING * * *
You barely miss the gnoll.
The gnoll is severely wounded.
The gnoll hits you with a spear!
You die... "Boring in life, boring in death..."

... .... ....
.# #...g ..
##..# #.
##...###
#..#.g)..!#
#...)@).#
#.....)#$.#
...#.####.....
# # .##### .#
##


You could see a gnoll.

Vanquished Creatures
  Robin (D:3)
  2 gnolls
  3 adders (D:2)
  2 giant geckos (D:1)
  6 bats
  9 hobgoblins
  A giant cockroach (D:2)
  2 giant newts
  13 goblins
  5 kobolds
  9 rats (D:1)
53 creatures vanquished.

Notes
Turn   | Place    | Note
--------------------------------------------------------------
     0 | D:1      | vatarom, the Mummy Chaos Knight, began the quest for the Orb.
     0 | D:1      | Reached XP level 1. HP: 18/18 MP: 1/1
   134 | D:1      | Reached XP level 2. HP: 20/24 MP: 2/2
   143 | D:1      | XOM: silly message
   165 | D:1      | XOM: divination: magic mapping
   237 | D:1      | XOM: potion effect (invisibility)
   450 | D:1      | XOM: smoke on damage
   456 | D:1      | Reached XP level 3. HP: 22/29 MP: 3/3
   877 | D:1      | XOM: harmless Fire miscast
  1015 | D:2      | Found a glowing silver altar of Zin.
  1016 | D:2      | Found a snail-covered altar of Cheibriados.
  1196 | D:2      | Reached skill level 4 in Maces & Flails
  1196 | D:2      | Reached XP level 4. HP: 25/35 MP: 4/4
  1299 | D:3      | XOM: harmless Pois miscast
  1408 | D:3      | XOM: divination: detect creatures
  1412 | D:2      | Noticed Robin
  1419 | D:3      | XOM: harmless Air miscast
  1669 | D:3      | Killed Robin
  1848 | D:3      | Slain by a gnoll

Action                   |  1- 3 |  4- 6 || total
-------------------------+-------+-------++-------
Melee: Mace              |   102 |    55 ||   157
  Use: Scroll            |     1 |       ||     1
 Stab: Sleeping          |     5 |       ||     5
       Invisible         |     1 |       ||     1
